 Dungeon Crawl Stone Soup version 0.31-a0-89-g637a80eef8 (webtiles) character file.

Game seed: 14926672794223851028

2 Colgate the Grave Robber (level 1, -2/14 HPs)
             Began as a Meteoran Necromancer on May 25, 2023.
             Slain by a worm (7 damage)
             ... on level 2 of the Dungeon.
             The game lasted 00:00:49 (74 turns).

Colgate the Grave Robber (Meteoran Necromancer)       Turns: 74, Time: 00:00:49

Health: -2/14      AC:  4    Str:  9    XL:     1   Next: 42%
Magic:  0/5        EV: 12    Int: 16    God:
Gold:   0          SH:  0    Dex: 14    Spells: 4/5 levels left

rFire   . . .        (no weapon)
rCold   + . .        (no shield)
rNeg    . . .        c - +1 leather armour {rC+}
rPois   .            (no helmet)
rElec   .            (no cloak)
rCorr   .            (no gloves)
SInv    .            (no boots)
Will    .....        (no amulet)
Stlth   +            (no ring)
HPRegen 0.22/turn    (no ring)
MPRegen 0.09/turn

%: no passive effects
@: glowing
A: sense surroundings 1, otherworldly, glowing, explore regen
a: no special abilities


You were on level 2 of the Dungeon.
You visited 1 branch of the dungeon, and saw 2 of its levels.

Inventory:

Armour
 a - a +0 robe
 c - a +1 leather armour of cold resistance (worn)
Scrolls
 d - a scroll of vulnerability {unknown}
Potions
 b - a potion of magic


   Skills:
 - Level 2.4 Dodging
 - Level 1.4 Stealth
 + Level 2.9 Spellcasting
 - Level 4.3 Necromancy


You had 4 spell levels left.
You knew the following spells:

 Your Spells              Type           Power      Damage    Failure   Level
a - Necrotise             Necr           64%        1d7       4%          1

Your spell library contained the following spells:

 Spells                   Type           Power      Damage    Failure   Level
 Vampiric Draining        Necr           16%        2d7       13%         3
 Animate Dead             Necr           16%        N/A       41%         4
 Agony                    Necr           16%        N/A       77%         5


Dungeon Overview and Level Annotations

Branches:
Dungeon (2/15) Zot: 1125

Altars:


Innate Abilities, Weirdness & Mutations

You passively map a small area around you.
You are easily found by Zot.
You glow in the dark.
You regain HP and MP as you explore.


Message History

You start removing your armour.
You continue taking off your +0 robe. x4
You finish taking off your +0 robe.
You start putting on your armour.
You continue putting on your +1 leather armour of cold resistance. x5
You finish putting on your +1 leather armour of cold resistance.
You feel resistant to cold.
You see here a +0 robe.
Found a scroll labelled JEZXAFYOCI.
A rat comes into view.
The rat writhes in agony.
You kill the rat!
The dead are walking!
d - a scroll labelled JEZXAFYOCI
Found a stone staircase leading down.
A giant cockroach comes into view.
The giant cockroach barely resists.
The giant cockroach writhes in agony.
The giant cockroach writhes in agony.
You kill the giant cockroach!
There is a stone staircase leading down here.
You climb downwards.
Your mindless puppet stays behind to rot.
Magic restored.
Found an embroidered cloak.
Found a stone staircase leading down.
There is a stone staircase leading up here.
The worm writhes in agony!
The worm writhes in agony.
The worm barely resists.
The worm barely resists.
The worm barely resists.
The worm barely resists.
You are out of magic!
You are out of magic!
You are out of magic!
You hit the worm but do no damage. You hit the worm. The worm bites you!
Ouch! That really hurt!
You barely miss the worm. The worm bites you!
Ouch! That really hurt!
You die...

, ,,, *
############
...........
..........## ,
......>....,,, *
*
..........#####.
,
................
........<...# ,
...[...@..#.# *
* * ,.......w..+
, , ..........#
* , ,
..........# ,,
,, ..........# ,
..........# , *
....#..####,* *
....#.. , * , *
* **


You could see a worm.

Vanquished Creatures
  A giant cockroach (D:1)
  A rat (D:1)
2 creatures vanquished.

Notes
Turn   | Place    | Note
-------+----------+-------------------------------------------
     0 | D:1      | Colgate the Meteoran Necromancer began the quest for the
                  | Orb.
     0 | D:1      | Reached XP level 1. HP: 14/14 MP: 5/5
    74 | D:2      | Slain by a worm

Illustrated notes

Levels and vault maps discovered:
D:1:      dpeg_arrival_leaves_temple_mockup, layout_basic, serial_shops, shop,
          serial_forest, infiniplex_forest_straight_1, infiniplex_forest_3_way,
          infiniplex_forest_straight_2, infiniplex_forest_lined_1,
          infiniplex_forest_clump_small, infiniplex_forest_lined_room_,
          infiniplex_forest_zigzag_1, minivault_24
D:2:      minmay_thinvault, layout_basic, minmay_tiny_reverse_x

Action                     || total
---------------------------++-------
  Melee: Unarmed           ||     3
   Cast: Necrotise         ||    10

Table legend: (Time is in decaauts)
 A = Elapsed time spent in this place.
 B = Non-inter-level travel time spent in this place.
 C = Inter-level travel time spent in this place.
 D = Time resting spent in this place.
 E = Time spent auto-exploring this place.
 F = Levels seen in this place.
 G = Mean time per level.
                   A        B        C        D        E       F      G
               +--------+--------+--------+--------+--------+-----+--------+
         Total |     73 |     73 |      0 |      0 |      0 |   2 |   36.5 |
       Dungeon |     73 |     73 |      0 |      0 |      0 |   2 |   36.5 |
               +--------+--------+--------+--------+--------+-----+--------+

Top non-repeatable levels by time:
     D:1: 64 daAuts
     D:2: 9 daAuts
